 Dungeon Crawl Stone Soup version 0.20.0-15-g7f486f2 (webtiles) character file.

205 Kosschaser the Shield-Bearer (level 5, -8/33 HPs)
             Began as a Gargoyle Fighter on June 10, 2017.
             Killed from afar by Dowan (19 damage)
             ... with a shard of ice
             ... on level 4 of the Dungeon.
             The game lasted 00:06:17 (2381 turns).

Kosschaser the Shield-Bearer (Gargoyle Fighter)     Turns: 2381, Time: 00:06:18

Health: -8/33      AC: 11    Str: 25    XL:     5   Next: 83%
Magic:  5/5        EV:  9    Int:  8    God:
Gold:   178        SH: 10    Dex: 10    Spells: 4/4 levels left

rFire    + . .     SeeInvis .   a - +0 flail
rCold    x . .     Gourm    .   c - +0 shield
rNeg     + . .     Faith    .   g - +0 ring mail (curse)
rPois    ∞         Spirit   .   (no helmet)
rElec    +         Reflect  .   r - +0 cloak
rCorr    .         Harm     .   C - +0 pair of gloves
MR       .....                  s - -2 pair of boots (curse)
Stlth    ..........             (no amulet)
Regen    0.2/turn               h - ring of fire
MPRegen  0.1/turn               (no ring)

@: mighty
A: negative energy resistance 1, electricity resistance, unbreathing,
petrification resistance, rot immunity, AC +4
a: no special abilities


You were on level 4 of the Dungeon.
You were very hungry.

You visited 1 branch of the dungeon, and saw 4 of its levels.

You collected 178 gold pieces.

Inventory:

Hand Weapons
 a - a +0 flail (weapon)
Armour
 b - a +0 scale mail
 c - a +0 shield (worn)
 g - a cursed +0 ring mail (worn)
 r - a +0 cloak (worn)
 s - a cursed -2 pair of boots (worn)
 C - a +0 pair of gloves (worn)
Jewellery
 h - a ring of fire (left hand)
Wands
 p - a wand of paralysis (9/24)
Scrolls
 e - 3 scrolls of identify
 i - a scroll of amnesia {unknown}
 k - a scroll of fear {unknown}
 l - a scroll of enchant weapon {unknown}
 o - 2 scrolls of magic mapping
 q - 2 scrolls of blinking {unknown}
 u - 2 scrolls of remove curse {unknown}
 v - a scroll of recharging {unknown}
 y - a scroll of teleportation {unknown}
Potions
 j - 3 potions of curing {unknown}
 m - 2 potions of mutation {unknown}
 n - a potion of invisibility {unknown}
 w - a potion of degeneration {unknown}
 z - a potion of heal wounds {unknown}
 A - a potion of flight {unknown}
 B - a potion of ambrosia {unknown}
Comestibles
 f - 2 bread rations
 t - 2 meat rations


   Skills:
 + Level 3.9 Fighting
 + Level 3.8 Maces & Flails
 + Level 3.8 Armour
 + Level 1.3 Dodging
 + Level 4.4 Shields


You had 4 spell levels left.
You didn't know any spells.

Dungeon Overview and Level Annotations

Branches:
Dungeon (4/15)
 Temple: D:4-7

Altars:
Hepliaklqana
Trog
Uskayaw

Annotations:
D:4 Dowan, Ijyb


Innate Abilities, Weirdness & Mutations

You are resistant to torment.
Your stone body is resilient. (AC +4)
You are immune to poison.
You resist negative energy. (rN+)
You are resistant to electric shocks. (rElec)
You can survive without breathing.
You are immune to petrification.
You are immune to rotting.


Message History

Duvessa is lightly wounded.
You block Duvessa's attack. Duvessa barely misses you.
You hit Duvessa but do no damage.
Duvessa is lightly wounded.
You block Duvessa's attack.
The phantom blinks!
You block Duvessa's attack.
You bludgeon Duvessa!!
Duvessa is severely wounded.
Ijyb screams, "Get away!"
Duvessa hits you with a short sword. x2
A frilled lizard comes into view.
The frilled lizard hisses angrily.
You sock Duvessa!
You kill Duvessa!
Dowan screams, "No!
Oh no!"
Dowan seems to find hidden reserves of power!
You have reached level 5!
Dowan points at you and mumbles some strange words.
The shard of ice hits you!
You feel a painful chill!
Ouch! That really hurt!
You die...

,,*,,,,,,,,*,*,,,,,,,,**,****,*,*
,,*,,,,,,,,+,#.,,,,,,,,*,,,,,,,,,
,,*,,,,,.,,*,#.*#+#*+*,**********
,,*,,,,,..,**#.*#.#*.#,,**,,,,,,,
,,*,,,,,...###.*#.##.#*,**,,*,***
,,,,,,*,#......*#.##.#*,**,,*,,,,
******,,#......*#.##.#*,##,,*****
**<,,,,,......S##.##.##..*,.#
,,,,,*,*#....§e)@..........>#
**,,*,,,#.....g##.##.###.#..#
**,,,∩,.l.....*#...........#
*,*,,,#......*####.###..#.###*
***,,*,*......§*####'#........,*
,,,,,,,,.......*#.......#...##,*
,,****,,.######*#............#,*
,,,,,,,,,* #............#,*
,,,,,,,,,* #........##..#,*


You could see Ijyb, Dowan, an adder and a frilled lizard.

Vanquished Creatures
  Duvessa (D:4)
  3 adders (D:3)
  2 worms (D:2)
  2 dart slugs (D:3)
  A leopard gecko (D:3)
  3 orcs
  A giant cockroach (D:1)
  13 hobgoblins
  4 jackals (D:2)
  8 kobolds
  3 quokkas
  A ball python (D:2)
  2 bats (D:1)
  4 frilled lizards
  5 goblins
  9 rats
62 creatures vanquished.

Notes
Turn   | Place    | Note
-------+----------+-------------------------------------------
     0 | D:1      | Kosschaser the Gargoyle Fighter began the quest for the Orb.
     0 | D:1      | Reached XP level 1. HP: 14/14 MP: 1/1
   120 | D:1      | Reached XP level 2. HP: 13/19 MP: 2/2
   793 | D:2      | Reached XP level 3. HP: 19/23 MP: 3/3
  1379 | D:2      | Found a hazy altar of Hepliaklqana.
  1488 | D:3      | Reached skill level 4 in Shields
  1537 | D:3      | Reached XP level 4. HP: 17/28 MP: 4/4
  1759 | D:3      | Found a bloodstained altar of Trog.
  1893 | D:3      | Found a hide-covered altar of Uskayaw.
  2295 | D:3      | Reached skill level 1 in Dodging
  2367 | D:4      | Noticed Duvessa
  2367 | D:4      | Noticed Dowan
  2367 | D:4      | Noticed a phantom
  2368 | D:4      | Noticed Ijyb
  2381 | D:4      | Killed Duvessa
  2381 | D:4      | Reached XP level 5. HP: 10/33 MP: 5/5
  2381 | D:4      | Killed from afar by Dowan

Skill      XL: |  1  2  3  4 |
---------------+-------------+-----
Shields        | 4 |  4.4
Maces & Flails | 3 |  3.8
Dodging        | 1 |  1.3
Fighting       | |  3.9
Armour         | |  3.8

Action                   |  1- 3 |  4- 6 || total
-------------------------+-------+-------++-------
Melee: Flail             |   170 |    89 ||   259
  Use: Scroll            |       |     2 ||     2
       Potion            |       |     1 ||     1
  Eat: Chunk             |     2 |     2 ||     4
Armor: Ring mail         |   106 |    35 ||   141
       Scale mail        |     1 |       ||     1
Dodge: Dodged            |    76 |    27 ||   103
Block: Shield            |   108 |    59 ||   167
